 Dungeon Crawl Stone Soup version 0.31-a0-799-g6bc09d010c (webtiles) character file.

Game seed: 9309727195536319799

7 Bravepunisher the Ducker (level 1, 0/11 HPs)
             Began as a Spriggan Monk on Sept 19, 2023.
             Slain by an adder (3 damage)
             ... on level 3 of the Dungeon.
             The game lasted 00:00:31 (208 turns).

Bravepunisher the Ducker (Spriggan Monk)             Turns: 208, Time: 00:00:31

Health: 0/11       AC:  2    Str:  7    XL:     1   Next: 91%
Magic:  2/2        EV: 19    Int: 11    God:
Gold:   11         SH:  0    Dex: 17    Spells: 0/0 levels left

rFire   . . .        a - +0 short sword
rCold   . . .        d - orb {light}
rNeg    . . .        b - +0 robe
rPois   .            (helmet restricted)
rElec   .            (no cloak)
rCorr   .            (gloves unavailable)
SInv    +            (boots unavailable)
Will    .....        (no amulet)
Stlth   +            (no ring)
HPRegen 0.21/turn    (no ring)
MPRegen 0.08/turn

%: no passive effects
@: lethally poisoned (0 -> -3), glowing, very quick
A: very small, no large weapons, unfitting armour, see invisible, speed 3
a: no special abilities


You were on level 3 of the Dungeon.
You visited 1 branch of the dungeon, and saw 3 of its levels.

You collected 11 gold pieces.

Inventory:

Hand Weapons
 a - a +0 short sword (weapon)
Armour
 b - a +0 robe (worn)
 d - an orb of light (worn)
Scrolls
 e - a scroll of enchant weapon {unknown}
 f - a scroll of vulnerability {unknown}
Potions
 c - a potion of ambrosia


   Skills:
 * Level 2.7 Fighting
 - Level 3.2 Short Blades
 + Level 4.2 Dodging


You couldn't memorise any spells.
You didn't know any spells.
Your spell library was empty.

Dungeon Overview and Level Annotations

Branches:
Dungeon (3/15)

Altars:
Uskayaw


Innate Abilities, Weirdness & Mutations

You are very small and have problems with some larger weapons.
You are too small for most types of armour.
You have supernaturally acute eyesight. (SInv)
You cover ground extremely quickly. (Speed+++)


Message History

You kill the hobgoblin!
Found 8 gold pieces.
Found a hide-covered altar of Uskayaw.
A rat comes into view.
A rat is nearby!
The rat misses you.
You hit the rat.
You kill the rat!
You see here a rat corpse.
You now have 11 gold pieces (gained 8).
e - a scroll labelled DUICOLL QI GILY
f - a scroll labelled YDURAU XIUDA You open the door.
A bat comes into view.
Found a flux talisman.
There is an open door here.
The bat barely misses you.
You hit the bat.
The bat is moderately wounded.
The bat misses you.
You hit the bat.
You kill the bat!
You see here a bat corpse.
Found a stone staircase leading up.
There is a stone staircase leading up here.
There is a stone staircase leading up here.
An adder comes into view.
The adder hisses angrily.
You closely miss the adder. The adder closely misses you.
You closely miss the adder. The adder bites you.
You are poisoned.
The adder poisons you!
You hit the adder.
The adder is lightly wounded.
You feel sick. The adder closely misses you.
You hit the adder but do no damage. The adder bites you.
You hit the adder.
The adder is heavily wounded.
* * * LOW HITPOINT WARNING * * *
You feel sick. The adder bites you.
You die...

### #.. #.# #.# #.#
#.# # #####.### #
#....@S.# # #.###.#.#
# #. #..# # ###
#.##.##.# #.##
#.......#
...###########...####
.%..................+
...###.#######...####
#.## #.# #..##


You could see an adder.

Vanquished Creatures
  A bat (D:3)
  A giant cockroach (D:3)
  A hobgoblin (D:3)
  A kobold (D:1)
  A quokka (D:3)
  A rat (D:3)
6 creatures vanquished.

Notes
Turn   | Place    | Note
-------+----------+-------------------------------------------
     0 | D:1      | Bravepunisher the Spriggan Monk began the quest for the
                  | Orb.
     0 | D:1      | Reached XP level 1. HP: 11/11 MP: 2/2
   134 | D:3      | Noticed a +0 dagger
   135 | D:3      | Noticed a +0 dagger
   139 | D:3      | Found a hide-covered altar of Uskayaw.
   208 | D:3      | Slain by an adder

Illustrated notes

Levels and vault maps discovered:
D:1:      grunt_arrival_crossed_arrows, layout_basic
D:2:      layout_loops_ring, ebering_ecumenical_altar_petrified, st_stairs_2
D:3:      kb_forest_paths, layout_loops_corners, nicolae_elyvilon_temple_path,
          dancing_weapons_uskayaw

Action                     || total
---------------------------++-------
  Melee: Short sword       ||    27
 Armour: Robe              ||    10
  Dodge: Dodged            ||    24

Table legend: (Time is in decaauts)
 A = Elapsed time spent in this place.
 B = Non-inter-level travel time spent in this place.
 C = Inter-level travel time spent in this place.
 D = Time resting spent in this place.
 E = Time spent auto-exploring this place.
 F = Levels seen in this place.
 G = Mean time per level.
                   A        B        C        D        E       F      G
               +--------+--------+--------+--------+--------+-----+--------+
         Total |    149 |    149 |      0 |      0 |     99 |   3 |   49.7 |
       Dungeon |    149 |    149 |      0 |      0 |     99 |   3 |   49.7 |
               +--------+--------+--------+--------+--------+-----+--------+

Top non-repeatable levels by time:
     D:3: 111 daAuts
     D:1: 35 daAuts
     D:2: 2 daAuts
